 Dungeon Crawl Stone Soup version 0.24.0-123-gd5b16e6ec5 (webtiles) character file.

Game seed: 12286776454521492786, levelgen mode: deterministic

342 MisterOstroum the Conjurer (level 6, -8/43 HPs)
             Began as a Mummy Conjurer on Jan 29, 2020.
             Was an Initiate of Gozag.
             Mangled by a +1 glaive of freezing (18 damage)
             ... created by the rancor of the Wu Jian Council
             ... on level 4 of the Dungeon.
             The game lasted 00:07:27 (4542 turns).

MisterOstroum the Conjurer (Mummy Conjurer)         Turns: 4542, Time: 00:07:28

Health: -8/43      AC:  2    Str: 11    XL:     6   Next: 30%
Magic:  11/11      EV: 12    Int: 16    God:    Gozag
Gold:   114        SH:  0    Dex: 13    Spells: 7/12 levels left

rFire    . . .     SeeInvis .   g - +0 dagger
rCold    . . .     Gourm    .   (no shield)
rNeg     + + +     Faith    .   a - +0 robe
rPois    ∞         Spirit   .   (no helmet)
rElec    .         Reflect  .   (no cloak)
rCorr    .         Harm     .   (no gloves)
MR       .....                  (no boots)
Stlth    ++........             (no amulet)
HPRegen  0.14/turn              e - ring of fire
MPRegen  0.12/turn              (no ring)

@: no status effects
A: no food or potions, fire vulnerability, cold resistance 1, negative energy
resistance 3, torment resistance, unbreathing
a: Potion Petition, Call Merchant, Bribe Branch, Renounce Religion


You were on level 4 of the Dungeon.
You worshipped Gozag.
Gozag was aware of your devotion.
You were not hungry.

You visited 2 branches of the dungeon, and saw 5 of its levels.

You collected 157 gold pieces.
You paid 43 gold pieces to Gozag.

Inventory:

Hand Weapons
 g - a +0 dagger (weapon)
Missiles
 b - 146 stones (quivered)
 d - 7 datura-tipped darts
 f - 66 arrows
 i - 13 poisoned darts
 k - 6 bolts
 r - 9 sling bullets
Armour
 a - a +0 robe (worn)
 p - a +0 cloak
Jewellery
 e - a ring of fire (left hand)
 n - an uncursed ring of ice
Wands
 u - a wand of flame (15)
Scrolls
 c - 4 scrolls of remove curse {unknown}
 h - a scroll of random uselessness {unknown}
 j - 2 scrolls of identify {unknown}
 l - 2 scrolls of enchant armour {unknown}
 m - a scroll of magic mapping {unknown}
 o - a scroll of noise {unknown}
 q - a scroll of fear {unknown}
 s - a scroll of teleportation {unknown}
 t - a scroll of fog {unknown}


   Skills:
 + Level 1.2 Fighting
 + Level 2.1 Dodging
 + Level 2.2 Stealth
 * Level 3.9 Spellcasting
 * Level 5.4 Conjurations


You had 7 spell levels left.
You knew the following spells:

 Your Spells              Type           Power        Failure   Level  Hunger
a - Magic Dart            Conj           ###.         1%          1    N/A
b - Searing Ray           Conj           ###...       2%          2    N/A
c - Call Imp              Summ           #.......     26%         2    N/A

Your spell library contained the following spells:

 Spells                   Type           Power        Failure   Level  Hunger
 Summon Small Mammal      Summ           #...         17%         1    N/A
 Dazzling Spray           Conj/Hex       ##....       17%         3    N/A
 Iskenderun's Mystic Bla  Conj           ###.....     19%         4    N/A
 Call Canine Familiar     Summ           #.......     45%         3    N/A
 Summon Guardian Golem    Hex/Summ       #.......     45%         3    N/A
 Force Lance              Conj/Tloc      ##......     50%         4    N/A
 Fulminant Prism          Conj/Hex       ##........   50%         4    N/A
 Summon Ice Beast         Ice/Summ       #.......     86%         4    N/A
 Summon Lightning Spire   Summ/Air       #.......     86%         4    N/A

Dungeon Overview and Level Annotations

Branches:
Dungeon (4/15)             Temple (1/1) D:4

Altars:
Dithmenos
Fedhas
Gozag
Makhleb
Qazlal
Ru
Sif Muna
Trog
Wu Jian
The Shining One

Shops:
D:4 :

Annotations:
D:3 Terence


Innate Abilities, Weirdness & Mutations

You do not eat or drink.
Your flesh is vulnerable to fire.
You are immune to poison.
Your flesh is cold resistant. (rC+)
You are immune to negative energy. (rN+++)
You are immune to unholy pain and torment.
You can survive without breathing.


Message History

(Press . to maintain the ray.)
The searing ray hits Natasha.
Natasha is moderately wounded.
The searing ray hits Natasha!
Natasha is almost dead.
Natasha zaps a wand.
The puff of flame misses you.
Casting: Searing Ray (safe; 2% risk of failure)
Confirm with . or Enter, or press ? or * to list all spells.
Aiming: Magic Dart (safe; 1% risk of failure)
Press: ? - help, Shift-Dir - straight line, f/p - Natasha
Aim: Natasha, carrying a wand of flame (15) (almost dead)
The magic dart hits Natasha.
You kill Natasha!
You feel Natasha's spirit has finally been put to rest.
You now have 102 gold pieces (gained 7).
u - a wand of flame (15)
You see here a cyan potion.
You now have 108 gold pieces (gained 6).
Unknown command.
You see here a cyan potion.
There is a stone staircase leading up here.
You start resting.
Magic restored.
You see here a cyan potion.
Found a flail.
Found a stone staircase leading up.
An adder comes into view.
Casting: Magic Dart (safe; 1% risk of failure)
Confirm with . or Enter, or press ? or * to list all spells.
Aiming: Magic Dart (safe; 1% risk of failure)
Press: ? - help, Shift-Dir - straight line, f - adder
Aim: an adder (resting)
The magic dart hits the adder.
The adder is lightly wounded.
The adder hisses angrily.
Casting: Magic Dart (safe; 1% risk of failure)
Confirm with . or Enter, or press ? or * to list all spells.
Aiming: Magic Dart (safe; 1% risk of failure)
Press: ? - help, Shift-Dir - straight line, f/p - adder
Aim: an adder (lightly wounded)
The magic dart hits the adder.
The adder is heavily wounded.
Casting: Magic Dart (safe; 1% risk of failure)
Confirm with . or Enter, or press ? or * to list all spells.
Aiming: Magic Dart (safe; 1% risk of failure)
Press: ? - help, Shift-Dir - straight line, f/p - adder
Aim: an adder (heavily wounded)
The magic dart hits the adder.
The adder is severely wounded.
The adder barely misses you. The adder barely misses you.
There is a stone staircase leading up here.
The adder bites you but does no damage.
Casting: Magic Dart (safe; 1% risk of failure)
Confirm with . or Enter, or press ? or * to list all spells.
Aiming: Magic Dart (safe; 1% risk of failure)
Press: ? - help, Shift-Dir - straight line, f/p - adder
Aim: an adder (severely wounded)
The magic dart hits the adder.
You kill the adder!
Casting: Magic Dart (safe; 1% risk of failure)
Confirm with . or Enter, or press ? or * to list all spells.
You can't see any susceptible monsters within range! (Use Z to cast anyway.)
You now have 114 gold pieces (gained 6).
There is a stone staircase leading up here. (m)acro, (M)acro raw, keymap [(k) default, (x) level-map, (t)argeting, (c)onfirm, m(e)nu], (s)ave?
Input macro trigger key: 2 Input macro action: zb Created macro '2' => 'zb\{32}'. (m)acro, (M)acro raw, keymap [(k) default, (x) level-map, (t)argeting, (c)onfirm, m(e)nu], (s)ave?
Input macro trigger key: 3 Input macro action: zc Created macro '3' => 'zc'.
You climb upwards.
Level annotation: Terence
There is a stone staircase leading down here.
You start resting.
Magic restored.
You climb downwards.
There is a stone staircase leading up here.
Found a stone staircase leading down.
Sifu Jiang Wei whispers: These will loosen your tongue! 4 dancing weapons come into view.
There is a +4 glaive of electrocution.
There is a +0 broad axe of speed.
There is a +0 dire flail of flaming.
There is a +1 glaive of freezing.
You cannot cast spells when silenced!
Okay, then.
Unknown command.
The +0 dire flail of flaming barely misses you.
The +1 glaive of freezing hits you from afar!
The +1 glaive of freezing freezes you.
The +0 dire flail of flaming barely misses you.
Unknown command.
Your hearing returns.
The +1 glaive of freezing hits you from afar!
The +1 glaive of freezing freezes you. The +0 dire flail of flaming hits you!
The +0 dire flail of flaming burns you.
* * * LOW HITPOINT WARNING * * *
The +1 glaive of freezing hits you from afar!!
You die...
Your body crumbles into a pile of gold.

.....##.......#...###
#...
.##...##......###...###
#... . #...###...###
##....### #... #
##...###### ###....##
##... ##...#
###...####.... ##..##
###...##!... ##..##
##### ##........ #...##
##...### ###......
##...# #..@((.###
###....
##..###........## ##..#
#...#....((....## ##.#
##..............# #..
##..............# #..
#.............## #..
#............## ##..
##...........# #...
###........## #..#


You could see 4 dancing weapons.

Vanquished Creatures
  An ogre (D:4)
  A howler monkey (D:4)
  Jessica (D:3)
  Natasha (thrice) (D:4)
  4 adders
  2 oozes
  A worm (D:2)
  2 dart slugs
  3 leopard geckos
  An orc (D:4)
  8 bats
  6 giant cockroaches
  7 goblins
  10 hobgoblins
  A quokka (D:4)
  8 frilled lizards
  5 kobolds
  7 rats
71 creatures vanquished.

Notes
Turn   | Place    | Note
-------+----------+-------------------------------------------
     0 | D:1      | MisterOstroum the Mummy Conjurer began the quest for the
                  | Orb.
     0 | D:1      | Reached XP level 1. HP: 13/13 MP: 4/4
   383 | D:1      | Reached XP level 2. HP: 19/19 MP: 2/5
   448 | D:1      | Learned a level 2 spell: Searing Ray
   869 | D:1      | Reached skill level 4 in Conjurations
  1091 | D:1      | Reached XP level 3. HP: 22/24 MP: 0/7
  1851 | D:2      | Found a sacrificial altar of Ru.
  1858 | D:2      | Became a worshipper of Ru the Awakened
  2144 | D:2      | Reached XP level 4. HP: 29/30 MP: 4/8
  2253 | D:2      | Found a faded altar of an unknown god.
  2262 | D:2      | Fell from the grace of Ru
  2262 | D:2      | Became a worshipper of the Wu Jian Council
  2262 | D:2      | Reached * piety under Wu Jian
  2793 | D:3      | Noticed Jessica
  2796 | D:3      | Killed Jessica
  2796 | D:3      | Reached skill level 5 in Conjurations
  2917 | D:3      | Noticed Terence
  3478 | D:3      | Reached XP level 5. HP: 35/35 MP: 7/9
  3712 | D:4      | Learned a level 2 spell: Call Imp
  3737 | D:4      | Noticed Natasha
  3742 | D:4      | Killed Natasha
  3790 | D:4      | Noticed an ogre
  3795 | D:4      | Killed an ogre
  3936 | D:4      | Reached skill level 1 in Fighting
  4031 | D:4      | Found a staircase to the Ecumenical Temple.
  4042 | D:4      | Reached XP level 6. HP: 43/43 MP: 3/11
  4050 | Temple   | Entered the Ecumenical Temple
  4163 | Temple   | Fell from the grace of Wu Jian
  4163 | Temple   | Became a worshipper of Gozag Ym Sagoz the Greedy
  4288 | D:4      | Found Oqapag's Book Emporium.
  4359 | D:4      | Noticed Natasha
  4363 | D:4      | Killed Natasha
  4374 | D:4      | Noticed Natasha
  4378 | D:4      | Killed Natasha
  4536 | D:4      | Noticed a +4 glaive of electrocution
  4536 | D:4      | Noticed a +0 broad axe of speed
  4536 | D:4      | Noticed a +0 dire flail of flaming
  4536 | D:4      | Noticed a +1 glaive of freezing
  4542 | D:4      | Mangled by a +1 glaive of freezing

Levels and vault maps discovered:
D:1:      elethiomel_arrival_quiet, layout_loops_ring
D:2:      layout_basic, old_standard_altar, chequers_ecumenical_altar_simple
D:3:      layout_basic, uniq_terence, uniq_jessica
D:4:      lemuel_upstairs_altar, layout_cave_pods, kennysheep_mini_moat,
          minmay_temple_entry_nine_rooms, serial_shops, nicolae_shop_stone,
          first_ration, uniq_sigmund, uniq_natasha
Temple:   jpeg_temple_island

Skill      XL: |  1  2  3  4  5 |
---------------+----------------+-----
Conjurations   | 4 5 |  5.4
Spellcasting   | 3 |  3.9
Dodging        | 2 |  2.1
Stealth        | 2 |  2.2
Fighting       | 1 |  1.2

Action                   |  1- 3 |  4- 6 || total
-------------------------+-------+-------++-------
Melee: Unarmed           |     1 |       ||     1
       Dagger            |    12 |    12 ||    24
 Cast: Magic Dart        |    89 |    66 ||   155
       Searing Ray       |     1 |     6 ||     7
       Call Imp          |       |     1 ||     1
Invok: Lunge             |       |     2 ||     2
 Stab: Sleeping          |       |     1 ||     1
Armor: Robe              |     4 |     7 ||    11
Dodge: Dodged            |    17 |    17 ||    34
